 Dungeon Crawl Stone Soup version 0.26-a0-649-gf8c6c3aab7 (webtiles) character file.

Game seed: 2127516728384126514

2382 Drevant2 the Poker (level 9, 0/57 HPs)
             Began as a Gargoyle Gladiator on Sept 26, 2020.
             Was a Priest of Okawaru.
             Slain by a two-headed ogre
             ... wielding a +0 giant spiked club
              (12 damage)
             ... on level 8 of the Dungeon.
             The game lasted 00:17:09 (7780 turns).

Drevant2 the Poker (Gargoyle Gladiator)             Turns: 7780, Time: 00:17:09

Health: 0/57       AC: 14    Str: 25    XL:     9   Next: 45%
Magic:  9/9        EV: 13    Int:  9    God:    Okawaru [***...]
Gold:   380        SH:  0    Dex: 15    Spells: 8/8 levels left

rFire    . . .     SeeInvis .   f - +0 spear (vamp)
rCold    + . .     Faith    .   (no shield)
rNeg     + . .     Spirit   .   b - +0 leather armour
rPois    ∞         Reflect  .   c - +0 helmet
rElec    +         Harm     .   (no cloak)
rCorr    .         Rampage  .   E - +0 pair of gloves
MR       .....                  (no boots)
Stlth    +.........             (no amulet)
HPRegen  0.19/turn              p - +6 ring of strength
MPRegen  0.11/turn              v - ring of protection from cold

@: mighty, stab
A: molten scales 1, agile 1, negative energy resistance 1, electricity
resistance, unbreathing, petrification resistance, rot immunity, AC +6
a: Heroism, Renounce Religion


You were on level 8 of the Dungeon.
You worshipped Okawaru.
Okawaru was most pleased with you.
You visited 1 branch of the dungeon, and saw 9 of its levels.

You collected 380 gold pieces.

Inventory:

Hand Weapons
 a - a +0 flail
 f - a +0 vampiric spear (weapon)
 B - a cursed -1 glaive
Armour
 b - a +0 leather armour (worn)
 c - a +0 helmet (worn)
 E - a +0 pair of gloves (worn)
Jewellery
 p - a +6 ring of strength (left hand)
 r - an uncursed ring of stealth
 v - a ring of protection from cold (right hand)
 x - an uncursed ring of fire {unknown}
Wands
 d - a wand of acid (14)
 t - a wand of disintegration (7)
 A - a wand of iceblast (12)
 F - a wand of polymorph (7)
Scrolls
 e - 2 scrolls of magic mapping {unknown}
 g - 4 scrolls of identify
 i - 4 scrolls of teleportation
 j - a scroll of enchant armour {unknown}
 l - 4 scrolls of remove curse {unknown}
 q - 2 scrolls of immolation {unknown}
 y - 2 scrolls of noise {unknown}
 C - a scroll of blinking {unknown}
 G - a scroll of amnesia {unknown}
Potions
 h - 2 potions of curing
 m - 2 potions of brilliance {unknown}
 n - a potion of degeneration
 o - a potion of berserk rage {unknown}
 s - 3 potions of haste {unknown}
 u - 2 potions of might
 w - a potion of stabbing
 z - a potion of cancellation {unknown}
 D - a potion of magic {unknown}


   Skills:
 + Level 7.1 Fighting
 - Level 3.0 Maces & Flails
 * Level 7.9 Polearms
 - Level 1.7 Throwing
 + Level 6.6 Armour
 - Level 2.4 Dodging


You had 8 spell levels left.
You didn't know any spells.
Your spell library was empty.

Dungeon Overview and Level Annotations

Branches:
Dungeon (9/15)             Temple (0/1) D:7
   Lair: D:8-11         Orc: D:9-12

Altars:
Makhleb
Nemelex Xobeh
Okawaru
Xom


Innate Abilities, Weirdness & Mutations

You are resistant to torment.
Your stone body is resilient. (AC +6)
You are immune to poison.
You resist negative energy. (rN+)
You are resistant to electric shocks. (rElec)
You can survive without breathing.
You are immune to petrification.
You are immune to rotting.
You are partially covered in molten scales. (AC +2)
You are agile. (Dex +2)


Message History

Deactivating autopickup; reactivate with Ctrl-A.
You hit the two-headed ogre.
The two-headed ogre is moderately wounded.
The two-headed ogre hits you with a +0 giant spiked club!
The two-headed ogre barely misses you.
You puncture the two-headed ogre!
You feel better.
The two-headed ogre is heavily wounded.
You completely miss the two-headed ogre.
The two-headed ogre is heavily wounded.
The two-headed ogre hits you but does no damage.
The two-headed ogre hits you with a +0 giant club!
* * * LOW HITPOINT WARNING * * *
You hit the two-headed ogre.
You feel better.
The two-headed ogre is heavily wounded.
You puncture the two-headed ogre!
You feel better.
The two-headed ogre is severely wounded.
The two-headed ogre hits you with a +0 giant spiked club!
* * * LOW HITPOINT WARNING * * *
The two-headed ogre hits you with a +0 giant club!
You die...

.# #.#####.#
#.# #.##....#
#.# #.##.##>#
#.# #.##.##.#
## #.......#
####.####
##.####.# #
#...G...#######
#
...#####.a@O{(#
## #.####.# ..
#.# .# #.# ..
(.. ... ..#
.##. #... o# .#
. #.## .# # .#


You could see a two-headed ogre, an eye of draining and a worker ant.

Vanquished Creatures
  A hippogriff (D:8)
  5 ogres
  A centaur (D:7)
  3 phantoms
  4 bullfrogs
  A scorpion (D:6)
  5 wights (D:7)
  2 howler monkeys
  3 bullfrog zombies
  2 bullfrog skeletons (D:5)
  A centaur skeleton (D:8)
  An orc priest (D:7)
  2 hounds
  2 orc wizards
  Jessica (D:2)
  An iguana (D:6)
  6 worker ants
  A hound skeleton (D:7)
  3 gnolls
  12 adders
  A shadow imp (D:6)
  2 white imps
  An ufetubus (D:7)
  3 oozes
  An adder skeleton (D:4)
  3 worms
  6 dart slugs
  7 leopard geckos
  13 orcs
  3 giant cockroaches
  10 goblins
  7 hobgoblins
  6 jackals
  3 quokkas
  3 ball pythons (D:3)
  7 bats
  5 frilled lizards
  2 kobolds
  A quokka skeleton (D:6)
  A quokka zombie (D:7)
  8 rats
150 creatures vanquished.

Vanquished Creatures (others)
  An orc wizard (D:3)
  An ufetubus (D:7)
  A jackal (D:7)
3 creatures vanquished.

Grand Total: 153 creatures vanquished

Notes
Turn   | Place    | Note
-------+----------+-------------------------------------------
     0 | D:1      | Drevant2 the Gargoyle Gladiator began the quest for the
                  | Orb.
     0 | D:1      | Reached XP level 1. HP: 12/12 MP: 1/1
   265 | D:1      | Reached XP level 2. HP: 18/18 MP: 2/2
   302 | D:1      | Reached skill level 1 in Armour
   306 | D:1      | Reached skill level 1 in Polearms
   527 | D:1      | Reached XP level 3. HP: 22/22 MP: 3/3
  1548 | D:2      | Reached XP level 4. HP: 27/28 MP: 4/4
  1565 | D:2      | Noticed Jessica
  1575 | D:2      | Killed Jessica
  2305 | D:3      | Reached XP level 5. HP: 32/32 MP: 5/5
  3577 | D:4      | Reached XP level 6. HP: 27/38 MP: 6/6
  3846 | D:4      | Found an iron altar of Okawaru.
  3874 | D:4      | Became a worshipper of Warmaster Okawaru
  4256 | D:4      | Found a sparkling altar of Nemelex Xobeh.
  4452 | D:5      | Entered Level 5 of the Dungeon
  4488 | D:5      | Reached XP level 7. HP: 33/44 MP: 7/7
  4770 | D:5      | Gained mutation: You are agile. (Dex +2) [potion of
                  | mutation]
  4770 | D:5      | Gained mutation: You are partially covered in molten
                  | scales. (AC +2) [potion of mutation]
  4800 | D:5      | Reached * piety under Okawaru
  4946 | D:5      | Reached skill level 5 in Polearms
  5184 | D:5      | Reached skill level 5 in Fighting
  5536 | D:6      | Reached XP level 8. HP: 49/49 MP: 8/8
  5865 | D:6      | Reached skill level 5 in Armour
  5879 | D:6      | Reached ** piety under Okawaru
  6057 | D:6      | Found a shimmering altar of Xom.
  6180 | D:7      | Found a staircase to the Ecumenical Temple.
  6508 | D:7      | Found a burning altar of Makhleb.
  6673 | D:7      | Reached XP level 9. HP: 54/56 MP: 9/9
  7115 | D:8      | Noticed a hornet
  7270 | D:8      | Reached *** piety under Okawaru
  7379 | D:8      | Noticed a two-headed ogre
  7750 | D:9      | Noticed a two-headed ogre
  7767 | D:8      | Noticed a two-headed ogre
  7780 | D:8      | Slain by a two-headed ogre

Illustrated notes

Levels and vault maps discovered:
D:1:      dpeg_arrival_signposts, layout_loops_ring,
          chequers_serial_rivers_marsh
D:2:      layout_basic, hex_large, uniq_jessica
D:3:      layout_loops_corners, grunt_decor_one_mirror
D:4:      layout_cave_pools, lemuel_round_altar,
          nemelex_xobeh_ov_fountains_minmay
D:5:      layout_cave_pools, minmay_fractal_squares_gapless_5
D:6:      layout_loops_ring, basic_altar
D:7:      layout_loops_ring, minmay_temple_entry_junction_2, basic_altar
D:8:      layout_loops_cross, lair_entry_dummy, kennysheep_decorative_pillar
D:9:      layout_small_grid, serial_co_window_serial, co_window_corner_a,
          co_window_corner_a, co_window_corner_a, co_window_corner_a,
          co_window_paths_b, co_window_cross_1, co_window_paths_a,
          co_window_unsneaky_path_b, co_window_of_opportunity_b,
          co_window_broadway_a, co_window_sun, glass_columns_a, glass_columns_b,
          glass_columns_b, glass_columns_b, minmay_misc_feat_tower

Skill      XL: |  1  2  3  4  5  6  7  8  9 |
---------------+----------------------------+-----
Armour         | 1 2 3 4 5 6 |  6.6
Polearms       | 1 2 3 4 5 7 |  7.9
Fighting       | 3 4 5 6 7 |  7.1
Maces & Flails | |  3.0
Throwing       | |  1.7
Dodging        | |  2.4

Action                   |  1- 3 |  4- 6 |  7- 9 || total
-------------------------+-------+-------+-------++-------
Melee: Spear             |   108 |   345 |   563 ||  1016
       Flail             |     6 |       |       ||     6
Throw: Throwing net      |       |     3 |     1 ||     4
       Javelin           |       |       |    12 ||    12
  Use: Potion            |       |       |     6 ||     6
       Scroll            |       |       |     3 ||     3
 Stab: Sleeping          |       |     2 |     3 ||     5
       Held in net/web   |       |     1 |     2 ||     3
Armor: Leather armour    |    23 |   106 |   162 ||   291
Dodge: Dodged            |    41 |   163 |   243 ||   447

Table legend: (Time is in decaauts)
 A = Elapsed time spent in this place.
 B = Non-inter-level travel time spent in this place.
 C = Inter-level travel time spent in this place.
 D = Time resting spent in this place.
 E = Time spent auto-exploring this place.
 F = Levels seen in this place.
 G = Mean time per level.
                   A        B        C        D        E       F      G
               +--------+--------+--------+--------+--------+-----+--------+
         Total |   7660 |   7045 |    615 |   1522 |   4093 |   9 |  851.1 |
       Dungeon |   7660 |   7045 |    615 |   1522 |   4093 |   9 |  851.1 |
               +--------+--------+--------+--------+--------+-----+--------+

Top non-repeatable levels by time:
     D:1: 1341 daAuts
     D:3: 1291 daAuts
     D:4: 957 daAuts
     D:5: 932 daAuts
     D:2: 919 daAuts
     D:7: 908 daAuts
     D:6: 687 daAuts
     D:8: 621 daAuts
     D:9: 1 daAuts
